 Dungeon Sprint DCSS version 0.30-a0-918-g0ff054e9dc (webtiles) character file.

Game seed: 7434938321002300707

122 octoduck the Carver (level 5, -17/38 HPs)
             Began as a Merfolk Gladiator on Mar 20, 2023.
             Killed from afar by an oklob sapling priest (27 damage)
             ... with a splash of acid
             ... in the Dungeon (Sprint IV: "Fedhas' Mad Dash").
             The game lasted 00:01:08 (436 turns).

octoduck the Carver (Merfolk Gladiator)              Turns: 436, Time: 00:01:09

Health: -17/38     AC:  0    Str: 14    XL:     5   Next: 6%
Magic:  5/5        EV: 16    Int:  8    God:
Gold:   45         SH:  0    Dex: 17    Spells: 4/4 levels left

rFire   . . .      SeeInvis .    a - +0 long sword
rCold   . . .      Faith    .    (no shield)
rNeg    . . .      Spirit   .    b - +0 leather armour
rPois   .          Reflect  .    c - +0 helmet
rElec   .          Rampage  .    (no cloak)
rCorr   .          NoTele   +    (no gloves)
Will    .....                    (no boots)
Stlth   +                        j - amulet of invisibility {+Inv}
HPRegen 0.26/turn                (no ring)
MPRegen 0.09/turn                (no ring)

@: corroded, very slightly contaminated, invisible (expiring)
A: (nimble swimmer 2), mertail
a: Evoke Invisibility


You were in the Dungeon.
You visited 1 branch You collected 45 gold pieces.

Inventory:

Hand Weapons
 a - a +0 long sword (weapon)
Missiles
 d - 3 throwing nets (quivered)
 e - a javelin
 l - 2 poisoned darts
Armour
 b - a +0 leather armour (worn)
 c - a +0 helmet (worn)
Jewellery
 j - the amulet of invisibility (around neck) {+Inv}
   (You found it in the Dungeon)

   [amulet of nothing]

   +Inv:      It lets you turn invisible.
Scrolls
 k - a scroll of blinking
Potions
 f - a potion of curing
 g - a potion of heal wounds
 h - a potion of haste
 i - 2 potions of magic


   Skills:
 - Level 2.1 Fighting
 * Level 10.2 Long Blades
 - Level 2.0 Throwing
 + Level 8.0 Dodging


You had 4 spell levels left.
You didn't know any spells.
Your spell library was empty.

Dungeon Overview and Level Annotations

Branches:
Dungeon (1/1)

Altars:
Cheibriados
Dithmenos
Elyvilon
Gozag
Hepliaklqana
Kikubaaqudgha
Makhleb
Nemelex Xobeh
Okawaru
Qazlal
Ru
Sif Muna
Trog
Uskayaw
Vehumet
Wu Jian
Xom
Yredelemnul
Zin
The Shining One
Jiyva
Lugonu

Annotations:
D exclusion: oklob sapling


Innate Abilities, Weirdness & Mutations

((You are very nimble when in or above water. (Stealth+, EV+, Speed+++)))
Your lower body shifts to a powerful aquatic tail in water.


Message History

You destroy the oklob sapling!
Your Long Blades skill increases to level 10!
Your Dodging skill increases to level 8!
You have reached level 5!
You feel clever.
You now have 41 gold pieces (gained 1).
You now have 45 gold pieces (gained 4).
You flicker for a moment.
There is an open door here.
You start waiting.
You flicker back into view.
As you open the door, it creaks loudly!
Found four altars.
You fade into invisibility!
An oklob sapling priest comes into view.
Found nine altars.
Marking area around an oklob sapling priest as unsafe for travelling.
There is an open door here.
Found three altars.
Found two altars.
Found three altars.
Found a corrupted altar of Lugonu and a radiant altar of Vehumet.
You hit the oklob sapling priest but do no damage.
The oklob sapling priest calls down the wrath of its god upon you.
Something smites you!
Unknown command.
You catch the helpless oklob sapling priest completely off-guard!
You hit the oklob sapling priest but do no damage.
You flicker for a moment.
The oklob sapling priest spits acid at you.
The splash of acid hits you!
* * * LOW HITPOINT WARNING * * *
The acid corrodes you!
You strike the helpless oklob sapling priest from behind!
You hit the oklob sapling priest.
The oklob sapling priest is lightly damaged.
The oklob sapling priest spits acid at you.
The splash of acid hits you!!
Ouch! That really hurt!
You die...

########################
....#.....#.⌠._._._._.⌠.
....'.#(..'.._._@_._._..
....#.#...#..._._P_._...
########'##.._._._._._..
+...#._._._._._.⌠.
#...############## #####


You could see an oklob sapling priest (unable to see you).

Vanquished Creatures
  A scorpion (D)
  2 oklob saplings (D)
  A river rat (D)
  A rat (D)
5 creatures vanquished.

Notes
Turn   | Place    | Note
-------+----------+-------------------------------------------
     0 | D        | octoduck the Merfolk Gladiator began the quest for the Orb.
     0 | D        | Reached XP level 1. HP: 16/16 MP: 1/1
    10 | D        | Reached skill level 5 in Long Blades
    10 | D        | Reached skill level 5 in Dodging
    10 | D        | Reached XP level 2. HP: 22/22 MP: 2/2
    20 | D        | Noticed an oklob sapling
    62 | D        | Killed an oklob sapling
    63 | D        | Reached skill level 7 in Long Blades
    63 | D        | Reached XP level 3. HP: 4/27 MP: 3/3
   147 | D        | Noticed a scorpion
   147 | D        | Found the amulet of invisibility {+Inv}
   160 | D        | Killed a scorpion
   161 | D        | Reached skill level 9 in Long Blades
   161 | D        | Reached XP level 4. HP: 10/33 MP: 4/4
   411 | D        | Reached skill level 10 in Long Blades
   411 | D        | Reached XP level 5. HP: 38/38 MP: 5/5
   425 | D        | Found an opulent altar of Gozag.
   425 | D        | Found a hazy altar of Hepliaklqana.
   425 | D        | Found a snail-covered altar of Cheibriados.
   427 | D        | Found a viscous altar of Jiyva.
   427 | D        | Found a burning altar of Makhleb.
   427 | D        | Found a sparkling altar of Nemelex Xobeh.
   427 | D        | Found a sacrificial altar of Ru.
   427 | D        | Found a shimmering blue altar of Sif Muna.
   427 | D        | Found a bloodstained altar of Trog.
   427 | D        | Found an ornate altar of the Wu Jian Council.
   427 | D        | Found a shimmering altar of Xom.
   427 | D        | Found a basalt altar of Yredelemnul.
   428 | D        | Found an iron altar of Okawaru.
   428 | D        | Found a glowing silver altar of Zin.
   428 | D        | Found a shadowy altar of Dithmenos.
   429 | D        | Found an ancient bone altar of Kikubaaqudgha.
   429 | D        | Found a hide-covered altar of Uskayaw.
   430 | D        | Found a stormy altar of Qazlal.
   430 | D        | Found a glowing golden altar of the Shining One.
   430 | D        | Found a white marble altar of Elyvilon.
   431 | D        | Found a corrupted altar of Lugonu.
   431 | D        | Found a radiant altar of Vehumet.
   436 | D        | Killed from afar by an oklob sapling priest

Illustrated notes

Levels and vault maps discovered:
D:        dungeon_sprint_fedhas [sprint_temple]

Skill      XL: |  1  2  3  4 |
---------------+-------------+-----
Long Blades    | 5 7 9 10 | 10.2
Dodging        | 5 6 7 8 |  8.0
Fighting       | |  2.1
Throwing       | |  2.0

Action                     |  1- 3 |  4- 6 || total
---------------------------+-------+-------++-------
  Melee: Long sword        |    22 |     6 ||    28
         Punch             |     1 |       ||     1
Ability: Evoke Invisibilit |       |     2 ||     2
    Use: Potion            |     1 |       ||     1
   Stab: Sleeping          |       |     1 ||     1
         Invisible         |       |     2 ||     2
 Armour: Leather armour    |     1 |       ||     1
  Dodge: Dodged            |    16 |       ||    16

Table legend: (Time is in decaauts)
 A = Elapsed time spent in this place.
 B = Non-inter-level travel time spent in this place.
 C = Inter-level travel time spent in this place.
 D = Time resting spent in this place.
 E = Time spent auto-exploring this place.
 F = Levels seen in this place.
 G = Mean time per level.
                   A        B        C        D        E       F      G
               +--------+--------+--------+--------+--------+-----+--------+
         Total |    452 |    452 |      0 |    353 |      0 |   1 |  452.0 |
       Dungeon |    452 |    452 |      0 |    353 |      0 |   1 |  452.0 |
               +--------+--------+--------+--------+--------+-----+--------+

Top non-repeatable levels by time:
       D: 452 daAuts
